 Dungeon Crawl Stone Soup version 0.29-a0-221-gceb61267dd (webtiles) character file.

Game seed: 10200185387294412613

2863 Inarius the Cleaver (level 9, -10/63 HPs)
             Began as a Demonspawn Fighter on Feb 26, 2022.
             Was a Follower of Hepliaklqana.
             Mangled by an orc warrior
             ... wielding a +0 battleaxe
              (22 damage)
             ... on level 7 of the Dungeon.
             The game lasted 00:09:38 (6419 turns).

Inarius the Cleaver (Demonspawn Fighter)            Turns: 6419, Time: 00:09:38

Health: -10/63     AC:  9    Str: 27    XL:     9   Next: 47%
Magic:  11/11      EV:  9    Int: 10    God:    Hepliaklqana [*.....]
Gold:   405        SH:  6    Dex: 12    Spells: 8/8 levels left

rFire   . . .      SeeInvis .   a - +0 war axe
rCold   . . .      Faith    .   c - +1 buckler
rNeg    . . .      Spirit   .   b - +0 scale mail
rPois   .          Reflect  .   (helmet restricted)
rElec   .          Harm     .   (no cloak)
rCorr   .          Rampage  .   (no gloves)
Will    .....                   f - +0 pair of boots
Stlth   ..........              h - amulet of regeneration
HPRegen 1.00/turn               e - +6 ring of strength
MPRegen 0.24/turn               (no ring)

@: no status effects
A: reduced essence, horns 2, rugged brown scales 1, magic regeneration
a: Renounce Religion, Recall Ancestor, Ancestor Identity


You were on level 7 of the Dungeon.
You worshipped Hepliaklqana.
Hepliaklqana was aware of your devotion.
You visited 2 branches of the dungeon, and saw 8 of its levels.

You collected 405 gold pieces.

Inventory:

Hand Weapons
 a - a +0 war axe (weapon)
 w - a +4 spear
Armour
 b - a +0 scale mail (worn)
 c - a +1 buckler (worn)
 f - a +0 pair of boots (worn)
Jewellery
 e - a +6 ring of strength (left hand)
 h - an amulet of regeneration (around neck)
Wands
 x - a wand of polymorph (1)
Scrolls
 k - 3 scrolls of enchant weapon
 n - a scroll of brand weapon {unknown}
 o - a scroll of amnesia
 p - a scroll of teleportation
 q - a scroll of immolation
 r - a scroll of summoning
 t - 2 scrolls of magic mapping {unknown}
 u - a scroll of enchant armour
 v - 2 scrolls of fog {unknown}
Potions
 d - 3 potions of might
 g - 2 potions of magic {unknown}
 i - 3 potions of heal wounds {unknown}
 j - a potion of attraction
 l - 3 potions of haste {unknown}
 m - 2 potions of curing {unknown}
 s - 3 potions of brilliance {unknown}


   Skills:
 + Level 5.2 Fighting
 * Level 9.8 Axes
 + Level 5.4 Armour
 + Level 4.1 Shields
 * Level 2.9 Invocations


You had 8 spell levels left.
You didn't know any spells.
Your spell library contained the following spells:

 Spells                   Type           Power      Damage    Failure   Level
 Corpse Rot               Necr/Air       0%         N/A       85%         2
 Poisonous Vapours        Pois/Air       0%         N/A       85%         2
 Hailstorm                Conj/Ice       0%         3d3       100%        4
 Ice Form                 Ice/Tmut       0%         N/A       100%        4
 Simulacrum               Ice/Necr       0%         N/A       100%        6


Dungeon Overview and Level Annotations

Branches:
Dungeon (7/15)             Temple (1/1) D:6

Altars:
Elyvilon
Gozag
Hepliaklqana
Kikubaaqudgha
Okawaru
Qazlal
Trog
Xom
Yredelemnul
The Shining One

Shops:
D:4 [

Annotations:
D:7 1 transporter, Maggie


Innate Abilities, Weirdness & Mutations

Your life essence is reduced to manifest your ancestor. (-10% HP)
You have a pair of horns on your head.
You are partially covered in rugged brown scales. (AC +1, +3% HP)
You regenerate magic rapidly.


Message History

The orc warrior completely misses Zolin.
Something hits you.
Zolin hits the orc warrior but does no damage.
You are too injured to fight recklessly!
Unknown command.
Unknown command.
You are too injured to fight recklessly!
Unknown command.
You are too injured to fight recklessly!
You barely miss the orc warrior.
The orc warrior is heavily wounded.
You slash something!
Reactivating autopickup.
You feel a bit more experienced. The orc warrior barely misses you.
The orc warrior misses Zolin.
Zolin hits the orc warrior.
You barely miss the orc warrior. Your headbutt misses the orc warrior.
The orc warrior is severely wounded.
The orc warrior hits you with a +0 battleaxe!!
* * * LOW HITPOINT WARNING * * *
The orc warrior hits Zolin with a +0 battleaxe!
Zolin is destroyed!
You hit the orc warrior but do no damage.
The orc warrior is severely wounded.
The orc warrior hits you but does no damage.
You block the orc warrior's attack.
The orc warrior hits you with a +0 battleaxe!
You closely miss the orc warrior.
The orc warrior is severely wounded.
The orc warrior hits you with a +0 battleaxe!
* * * LOW HITPOINT WARNING * * *
You hit the orc warrior but do no damage.
You headbutt the orc warrior, but do no damage.
The orc warrior is severely wounded.
The orc warrior hits you with a +0 battleaxe!
* * * LOW HITPOINT WARNING * * *
Things that are here:
a +0 robe; a +0 club; a howler monkey skeleton
There is a stone staircase leading up, spattered with blood here.
The orc warrior hits you with a +0 battleaxe!!
You die...

#.# #.# ########### #.# #
##.........# #.# #.#..........#
#.########## #.#.......†)@#
#...........
#..........o######(#####....#
...#..........................
....#........................##
... #..###.#####.#####.###...#
.. #..#8.8.8##..#.#.....#...##
#..#.8.8.#.##.######.#.....
#...8.8.8.##R##....R....###
>.......#.8.8.##.##.#####.#..#


You could see an orc warrior.

Vanquished Creatures
  Prince Ribbit (D:5)
  A yak (D:6)
  3 water moccasins (D:6)
  A sky beast (D:6)
  3 ice beasts
  A black bear (D:5)
  2 necrophages
  2 ogres
  A kobold brigand (D:6)
  3 bullfrogs (D:6)
  7 scorpions
  A howler monkey (D:7)
  4 hounds
  2 orc priests (D:4)
  A gnoll shaman (D:7)
  A jelly (D:7)
  6 iguanas
  3 orc wizards
  11 gnolls
  6 adders
  A white imp (D:5)
  3 ufetubi (D:6)
  2 worms
  A dart slug (D:1)
  22 orcs
  4 endoplasms
  3 giant cockroaches
  4 goblins
  4 hobgoblins
  4 jackals (D:4)
  5 kobolds
  7 quokkas
  9 ball pythons
  2 bats (D:1)
  2 frilled lizards
  4 rats
137 creatures vanquished.

Vanquished Creatures (others)
  An ancestor (D:7)
  8 fungi (D:5)
  3 plants (D:6)
12 creatures vanquished.

Grand Total: 149 creatures vanquished

Notes
Turn   | Place    | Note
-------+----------+-------------------------------------------
     0 | D:1      | Inarius the Demonspawn Fighter began the quest for the Orb.
     0 | D:1      | Reached XP level 1. HP: 18/18 MP: 1/1
   179 | D:1      | Gained mutation: You regenerate magic rapidly. [demonic
                  | ancestry]
   179 | D:1      | Reached XP level 2. HP: 17/24 MP: 2/2
   290 | D:1      | Reached skill level 2 in Axes
  1218 | D:2      | Reached XP level 3. HP: 25/29 MP: 3/3
  1349 | D:2      | Found a faded altar of an unknown god.
  1697 | D:2      | You fall into a shaft and drop 2 floors!
  1703 | D:4      | Reached skill level 3 in Axes
  1824 | D:4      | Noticed a scorpion
  1863 | D:4      | Reached XP level 4. HP: 29/35 MP: 4/4
  1933 | D:4      | Found Ruowkerph's Armour Boutique.
  1938 | D:4      | Noticed a scorpion
  1946 | D:4      | Killed a scorpion
  1948 | D:4      | Gained mutation: You are partially covered in rugged brown
                  | scales. (AC +1, +3% HP) [demonic ancestry]
  1948 | D:4      | Reached XP level 5. HP: 13/42 MP: 5/5
  1952 | D:4      | Noticed an ice beast
  1953 | D:4      | Reached skill level 4 in Axes
  2720 | D:3      | Gained mutation: You have a pair of small horns on your
                  | head. [demonic ancestry]
  2720 | D:3      | Reached XP level 6. HP: 42/48 MP: 6/6
  2861 | D:3      | Reached skill level 5 in Axes
  3334 | D:4      | Killed an ice beast
  3337 | D:4      | Reached skill level 6 in Axes
  3337 | D:4      | Reached XP level 7. HP: 23/54 MP: 7/7
  3744 | D:5      | Entered Level 5 of the Dungeon
  3899 | D:5      | Noticed Prince Ribbit
  3956 | D:5      | Killed Prince Ribbit
  3957 | D:5      | Reached skill level 7 in Axes
  4331 | D:5      | Gained mutation: You have a pair of horns on your head.
                  | [demonic ancestry]
  4331 | D:5      | Reached XP level 8. HP: 61/61 MP: 8/8
  4482 | D:5      | HP: 2/61 [vampire (9)]
  5199 | D:6      | Reached skill level 8 in Axes
  5469 | D:6      | Found a staircase to the Ecumenical Temple.
  5480 | Temple   | Entered the Ecumenical Temple
  5500 | Temple   | Became a worshipper of Hepliaklqana the Forgotten
  5729 | D:6      | Reached skill level 5 in Armour
  6054 | D:7      | Noticed Maggie
  6109 | D:6      | Reached skill level 9 in Axes
  6109 | D:6      | Reached skill level 1 in Invocations
  6109 | D:6      | Reached XP level 9. HP: 49/69 MP: 9/9
  6178 | D:7      | Reached skill level 5 in Fighting
  6308 | D:7      | Reached * piety under Hepliaklqana
  6381 | D:7      | Found a transporter.
  6419 | D:7      | Mangled by an orc warrior

Illustrated notes

Levels and vault maps discovered:
D:1:      lightli_arrival_isolated_outpost, layout_basic, minmay_tiny_reverse_x
D:2:      layout_rooms, ebering_ecumenical_altar_petrified
D:3:      layout_loops_ring
D:4:      layout_cave_pools, serial_shops, shop
D:5:      layout_layer_cave, mainiacjoe_overflow_chevrons, dk_vineyard_1,
          chequers_serial_rivers_micro_d, uniq_prince_ribbit1
D:6:      layout_basic, minmay_temple_entry_tees, serial_bayou,
          serial_bayou_pond_d, serial_bayou_pond_d, serial_bayou_pond_a,
          serial_bayou_pond_e, serial_bayou_pond_b
D:7:      minmay_the_grid_square_5x5_3x3 [minmay_the_grid_square_5x5_three,
          minmay_the_grid_square_5x5_detours,
          minmay_the_grid_square_5x5_two_walls_b,
          minmay_the_grid_square_5x5_n_small,
          minmay_the_grid_square_5x5_megaprize_hollow,
          minmay_the_grid_square_5x5_minimal,
          minmay_the_grid_square_5x5_checkered_statues,
          minmay_the_grid_square_5x5_doubleslash,
          minmay_the_grid_square_5x5_tie], layout_basic, gammafunk_ghost_smash,
          st_stairs_2, uniq_maggie
Temple:   regret_index_temple_chain_breaker

Skill      XL: |  1  2  3  4  5  6  7  8  9 |
---------------+----------------------------+-----
Axes           | 2 3 4 6 7 9 |  9.8
Armour         | 3 4 5 |  5.4
Shields        | 3 4 |  4.1
Fighting       | 4 5 |  5.2
Invocations    | 1 2 |  2.9

Action                   |  1- 3 |  4- 6 |  7- 9 || total
-------------------------+-------+-------+-------++-------
Melee: War axe           |    74 |   149 |   254 ||   477
       Headbutt          |       |     4 |    41 ||    45
  Use: Potion            |       |     2 |       ||     2
       Scroll            |       |     7 |     3 ||    10
Armor: Scale mail        |    27 |    58 |   120 ||   205
       Skin              |       |    46 |       ||    46
Dodge: Dodged            |    29 |    49 |   109 ||   187
Block: Buckler           |    12 |    39 |    66 ||   117

Table legend: (Time is in decaauts)
 A = Elapsed time spent in this place.
 B = Non-inter-level travel time spent in this place.
 C = Inter-level travel time spent in this place.
 D = Time resting spent in this place.
 E = Time spent auto-exploring this place.
 F = Levels seen in this place.
 G = Mean time per level.
                   A        B        C        D        E       F      G
               +--------+--------+--------+--------+--------+-----+--------+
         Total |   6553 |   6175 |    378 |    902 |   3722 |   8 |  819.1 |
       Dungeon |   6517 |   6152 |    365 |    902 |   3722 |   7 |  931.0 |
        Temple |     35 |     22 |     13 |      0 |      0 |   1 |   35.0 |
               +--------+--------+--------+--------+--------+-----+--------+

Top non-repeatable levels by time:
     D:5: 1395 daAuts
     D:1: 1224 daAuts
     D:3: 1207 daAuts
     D:6: 1017 daAuts
     D:2: 724 daAuts
     D:4: 724 daAuts
     D:7: 223 daAuts
  Temple: 35 daAuts
